 Dungeon Crawl Stone Soup version 0.18-a0-9-gd4dcb6f (webtiles) character file.

2267 Ordine the Thaumaturge (level 9, -2/45 HPs)
             Began as a Deep Elf Air Elementalist on Nov 1, 2015.
             Was a Follower of Vehumet.
             Slain by an orc warrior
             ... wielding a +2 halberd of venom
              (22 damage)
             ... on level 7 of the Dungeon.
             The game lasted 00:33:48 (7150 turns).

Ordine the Thaumaturge (Deep Elf Air Elementalist)  Turns: 7150, Time: 00:33:48

Health: -2/45      AC:  7    Str:  5    XL:     9   Next: 16%
Magic:  23/33      EV: 15    Int: 24    God:    Vehumet [*.....]
Gold:   132        SH:  0    Dex: 15    Spells: 7 memorised, 9 levels left

rFire  . . .     SeeInvis .     k - +2 dagger (holy)
rCold  . . .     Clarity  .     z - +2 robe {rN+}
rNeg   + . .     SustAt   .     (no shield)
rPois  .         Gourm    .     e - +2 hat
rElec  .         Spirit   .     (no cloak)
rCorr  .         Warding  .     p - +0 pair of gloves
rMut   .         Stasis   .     (no boots)
MR     .....                    (no amulet)
Stlth  ++........               (no ring)
                                j - ring of magical power

@: repel missiles, not resistant to hostile enchantments, unstealthy
A: no striking features
a: Renounce Religion


You were on level 7 of the Dungeon.
You worshipped Vehumet.
Vehumet was aware of your devotion.
You were not hungry.

You visited 2 branches of the dungeon, and saw 8 of its levels.

You collected 416 gold pieces.
You spent 284 gold pieces at shops.

Inventory:

Hand Weapons
 k - a +2 dagger of holy wrath (weapon)
Armour
 e - a +2 hat (worn)
 p - a +0 pair of gloves (worn)
 t - a troll hide {Purgy}
 z - a +2 robe of positive energy (worn)
Jewellery
 j - a ring of magical power (left hand)
Scrolls
 a - a scroll of amnesia
 q - a scroll of teleportation
 r - 2 scrolls of remove curse
 w - a scroll of recharging
 x - a scroll of magic mapping
Potions
 f - 2 potions of flight
 g - 3 potions of haste
 h - 2 potions of brilliance
 i - a potion of cancellation
 l - 2 potions of curing
 o - a potion of resistance {unknown}
 u - a potion of might {unknown}
 A - a potion of ambrosia {unknown}
 B - 2 potions of heal wounds {unknown}
Books
 b - a book of Air

   Spells                             Type                      Level
   a - Shock                          Conjuration/Air              1
   b - Swiftness                      Charms/Air                   2
   c - Repel Missiles                 Charms/Air                   2
   d - Static Discharge               Conjuration/Air              3
   e - Lightning Bolt                 Conjuration/Air              5
 y - a book of the Sky

   Spells                             Type                      Level
   a - Summon Lightning Spire         Summoning/Air                4
   b - Airstrike                      Air                          4
   c - Silence                        Hexes/Air                    5
   d - Deflect Missiles               Charms/Air                   6
   e - Conjure Ball Lightning         Conjuration/Air              6
   f - Tornado                        Air                          9
Comestibles
 c - 4 bread rations
 d - 2 meat rations
 m - 9 chunks of flesh
 n - a slice of pizza
 s - 2 fruits
 v - a royal jelly


   Skills:
 - Level 2.2 Short Blades
 + Level 5.0 Dodging
 - Level 2.4 Stealth
 * Level 9.9 Spellcasting
 + Level 5.5 Conjurations
 + Level 5.5 Charms
 + Level 2.5 Fire Magic
 + Level 5.9 Air Magic


You had 9 spell levels left.
You knew the following spells:

 Your Spells              Type           Power        Failure   Level  Hunger
a - Shock                 Conj/Air       ####         1%          1    None
b - Static Discharge      Conj/Air       #####...     1%          3    None
c - Airstrike             Air            #####.....   6%          4    #......
d - Lightning Bolt        Conj/Air       #####.....   17%         5    ####...
e - Repel Missiles        Chrm/Air       #####.       1%          2    None
f - Swiftness             Chrm/Air       #####...     1%          2    None
g - Flame Tongue          Conj/Fire      ####.        1%          1    None


Dungeon Overview and Level Annotations

Branches:
Dungeon (7/15)             Temple (1/1) D:4

Altars:
Ashenzari
Cheibriados
Dithmenos
Elyvilon
Fedhas
Gozag
Makhleb
Nemelex Xobeh
Okawaru
Qazlal
Ru
Sif Muna
Trog
Vehumet
Xom
Yredelemnul
Zin
The Shining One

Shops:
D:4 *   D:6 [

Annotations:
D:6 ice res


Message History

Press: ? - help, Shift-Dir - straight line, f/p - orc warrior
Aim: an orc warrior, wielding a halberd of venom and wearing a plate armour (almost dead)
The zap misses the orc warrior.
Casting: Shock
Confirm with . or Enter, or press ? or * to list all spells.
Aiming: Shock
Press: ? - help, Shift-Dir - straight line, f/p - orc warrior
Aim: an orc warrior, wielding a halberd of venom and wearing a plate armour (almost dead)
The zap hits the orc warrior.
The orc warrior is almost dead.
The orc warrior completely misses you.
Casting: Shock
Confirm with . or Enter, or press ? or * to list all spells.
Aiming: Shock
Press: ? - help, Shift-Dir - straight line, f/p - orc warrior
Aim: an orc warrior, wielding a halberd of venom and wearing a plate armour (almost dead)
The zap hits the orc warrior.
The orc warrior is almost dead.
The orc warrior hits you from afar with a halberd of venom!!
You die...

#.#.......... #.#.## #
#?#........# #######.#..# #
#.#..?.....# #.......##.## #
#.#........# #.#####.##..# #
##+#.......o# #.# #.###.# #
............# #.# #.# #.# #
..........o.# #.# #.# #.# #
.....##.....#######.#####.# #.# #
.....#####.)..o.@.........# #.###
.....# #.##........###### #..##
.....# #.##........# ##.## .....#
#...........# #..# .....#
#.##........# ##.# .....#
#.########.## #Y# .....# #.# #.#
#..
.....#####.########.############.
....................#.........##.


You could see an orc warrior.

Vanquished Creatures
  The ghost of mrAntonBest the Cudgeler, a novice CeFi (D:6)
  2 ice beasts
  Duvessa (D:7)
  A water moccasin (D:5)
  A black bear (D:6)
  Purgy (D:3)
  3 ogres
  A centaur (D:7)
  Dowan (D:7)
  3 scorpions (D:4)
  A wight (D:5)
  A jelly (D:7)
  A crimson imp (D:6)
  4 hounds
  2 giant frog skeletons
  An orc priest (D:3)
  2 worker ants
  A gnoll shaman (D:5)
  An iguana (D:6)
  A hound zombie (D:5)
  Robin (D:3)
  A worker ant zombie (D:7)
  10 gnolls (D:5)
  4 adders
  3 worms (D:2)
  7 giant geckos
  13 orcs
  20 goblins
  7 hobgoblins
  7 jackals
  4 quokkas
  A ball python (D:1)
  3 bats
  8 giant cockroaches
  A giant gecko skeleton (D:4)
  5 giant newts
  10 kobolds
  A quokka skeleton (D:5)
  11 rats
  A butterfly (D:3)
148 creatures vanquished.

Notes
Turn   | Place    | Note
--------------------------------------------------------------
     0 | D:1      | Ordine the Deep Elf Air Elementalist began the quest for the Orb.
     0 | D:1      | Reached XP level 1. HP: 10/10 MP: 6/6
   416 | D:1      | Reached XP level 2. HP: 15/15 MP: 2/8
   748 | D:1      | Learned a level 2 spell: Repel Missiles
   751 | D:1      | Learned a level 2 spell: Swiftness
  1529 | D:2      | Reached skill level 4 in Spellcasting
  1529 | D:2      | Reached XP level 3. HP: 19/19 MP: 10/10
  1534 | D:2      | Learned a level 3 spell: Static Discharge
  2119 | D:2      | Found an iron altar of Okawaru.
  2480 | D:3      | Reached XP level 4. HP: 24/24 MP: 12/12
  2482 | D:3      | Noticed Robin
  2494 | D:3      | Killed Robin
  2713 | D:3      | Reached skill level 5 in Spellcasting
  2765 | D:3      | Noticed Purgy
  2771 | D:3      | Killed Purgy
  2771 | D:3      | Reached XP level 5. HP: 28/28 MP: 15/15
  2776 | D:3      | Reached skill level 6 in Spellcasting
  2840 | D:3      | Learned a level 5 spell: Lightning Bolt
  2887 | D:3      | Found a shimmering altar of Xom.
  2992 | D:3      | Found a burning altar of Makhleb.
  2992 | D:3      | Noticed a blizzard demon
  2996 | D:3      | Noticed a ynoxinul
  2996 | D:3      | Noticed a ynoxinul
  3433 | D:4      | Reached XP level 6. HP: 32/32 MP: 17/17
  3568 | D:4      | Reached skill level 7 in Spellcasting
  3574 | D:4      | Found Niteocen's Assorted Antiques.
  3708 | D:4      | Bought a runed hat for 128 gold pieces
  3708 | D:4      | Bought an amethyst potion for 28 gold pieces
  3788 | D:4      | Found a staircase to the Ecumenical Temple.
  3798 | Temple   | Entered the Ecumenical Temple
  3838 | Temple   | Became a worshipper of Vehumet
  4208 | D:5      | Entered Level 5 of the Dungeon
  4240 | D:5      | You fall through a shaft for 2 floors!
  4331 | D:7      | Noticed a hill giant
  4370 | D:7      | Reached skill level 1 in Charms
  4421 | D:7      | Reached XP level 7. HP: 36/36 MP: 19/19
  4424 | D:7      | Got a pitted leather armour
  4523 | D:7      | Reached skill level 1 in Short Blades
  4701 | D:7      | Identified the +1 leather armour of the Wilderness {+Blink +Inv Str-4 Slay-4} (You found it on level 7 of the Dungeon)
  4772 | D:6      | Noticed mrAntonBest's ghost (novice CeFi)
  5389 | D:5      | Noticed a water moccasin
  5398 | D:5      | Killed a water moccasin
  5398 | D:5      | Reached skill level 8 in Spellcasting
  5692 | D:5      | You fall through a shaft for 2 floors!
  5813 | D:5      | Reached skill level 5 in Air Magic
  5833 | D:5      | Reached XP level 8. HP: 41/41 MP: 22/22
  5987 | D:5      | Found a deep blue altar of Sif Muna.
  6077 | D:5      | Reached * piety under Vehumet
  6077 | D:5      | Offered knowledge of Flame Tongue by Vehumet.
  6155 | D:5      | Learned a level 1 spell: Flame Tongue
  6356 | D:6      | Found Boalotan's Antique Armour Shoppe.
  6364 | D:6      | Bought a creamy pearl robe for 114 gold pieces
  6364 | D:6      | Bought an embroidered robe for 14 gold pieces
  6375 | D:6      | Identified the cursed +1 robe of Optimism {rElec rF- Str+3} (You bought it in a shop on level 6 of the Dungeon)
  6480 | D:6      | Found a snail-covered altar of Cheibriados.
  6568 | D:6      | Killed mrAntonBest's ghost
  6568 | D:6      | Reached skill level 9 in Spellcasting
  6568 | D:6      | Reached skill level 5 in Conjurations
  6568 | D:6      | Reached skill level 5 in Charms
  6638 | D:6      | Learned a level 4 spell: Airstrike
  6910 | D:7      | Noticed Dowan
  6911 | D:7      | Noticed Duvessa
  6918 | D:7      | Killed Duvessa
  6918 | D:7      | Reached XP level 9. HP: 45/45 MP: 24/24
  6921 | D:7      | Killed Dowan
  6991 | D:7      | Reached skill level 5 in Dodging
  7150 | D:7      | Slain by an orc warrior

Vault maps used:
D:1:      sevenhm_arrival_forest_fort_large_2, minmay_fountain_box
D:2:      first_bread, kennysheep_okawaru_gauntlet
D:3:      xom_butterflies, makhleb_altar_promises_db, uniq_robin, uniq_purgy
D:4:      minmay_temple_entry_statues_fountains, serial_shops,
          nicolae_shop_overgrown_old_shop, minmay_distorted
D:5:      lemuel_blue_sif_altar, minmay_misc_feat_x
D:6:      lemuel_ice_spiral_2, kennysheep_mini, serial_shops, shop,
          minmay_misc_feat_diagonals, uniq_grinder
D:7:      grunt_decor_resistance, uniq_duvessa
Temple:   hc_temple_tempest_star

Action                   |  1- 3 |  4- 6 |  7- 9 || total
-------------------------+-------+-------+-------++-------
Melee: Dagger            |       |     4 |       ||     4
 Cast: Shock             |   113 |   108 |   181 ||   402
       Repel Missiles    |     1 |       |     1 ||     2
       Static Discharge  |     1 |       |     8 ||     9
       Lightning Bolt    |       |       |     3 ||     3
  Use: Scroll            |     8 |     8 |     6 ||    22
       Potion            |       |     1 |     3 ||     4
  Eat: Chunk             |     5 |     5 |     9 ||    19
